[Event "36th German Seniors-ch-65 2024"]
[Site "Bad Wildungen"]
[Date "2024.08.28"]
[Round "6.5"]
[White "Lutz, Albert"]
[Black "Heinig, Wolfram"]
[Result "1/2-1/2"]
[ECO "A30"]
[WhiteElo "2070"]
[BlackElo "2215"]
[Annotator "RC"]
[PlyCount "78"]
[EventDate "2024.08.22"]
[EventType "swiss"]
[EventCountry "GER"]
[SourceTitle "playchess.com"]
[Source "ChessBase"]
[SourceQuality "1"]
[TimeControl "40/5400+30:1800+30"]

1. Nf3 Nf6 2. c4 c5 3. Nc3 b6 4. g3 Bb7 5. Bg2 e6 6. O-O Be7 7. d3 d5 8. cxd5 Nxd5 9. Re1 Nc6 10. Nxd5 Qxd5 11. Bf4 Qd7 12. Ne5 Nxe5 13. Bxb7 Qxb7 14. Bxe5 O-O 15. Qa4 Rfd8 16. b3 Qd5 17. Bb2 Qf5 18. Qf4 Qxf4 19. gxf4 f5 20. Kg2 Kf7 21. Kf3 Bf6 22. Bxf6 Kxf6 23. Rac1 Rd4 24. Rc4 Rad8 25. Rec1 a5 26. a4 e5 27. fxe5+ Kxe5 28. h4 g6 29. Rg1 R4d6 30. Ke3 Kf6 31. Kf3 h6 32. Rh1 Ke5 33. Rg1 Rg8 34. Rh1 g5 35. hxg5 hxg5 36. Rh5 Rgg6 37. Kg3 Rd4 38. Rh8 Rdd6 39. Rh5 Rd4 1/2-1/2

[Event "36th German Seniors-ch-65 2024"]
[Site "Bad Wildungen"]
[Date "2024.08.28"]
[Round "6.6"]
[White "Ellenberg, Ekkehard"]
[Black "Vatter, Hans-Joachim"]
[Result "1/2-1/2"]
[ECO "C00"]
[WhiteElo "1998"]
[BlackElo "2212"]
[Annotator "RC"]
[PlyCount "30"]
[EventDate "2024.08.22"]
[EventType "swiss"]
[EventCountry "GER"]
[SourceTitle "playchess.com"]
[Source "ChessBase"]
[SourceQuality "1"]
[TimeControl "40/5400+30:1800+30"]

1. Nf3 c5 2. d3 Nc6 3. Nbd2 e6 4. g3 Nf6 5. Bg2 Be7 6. O-O Qc7 7. e4 d5 8. Re1 h6 9. c3 b6 10. Nf1 dxe4 11. dxe4 e5 12. Qc2 Ba6 13. Qa4 Bb7 14. Ne3 O-O-O 15. Nh4 g6 1/2-1/2

[Event "36th German Seniors-ch-65 2024"]
[Site "Bad Wildungen"]
[Date "2024.08.28"]
[Round "6.7"]
[White "Behrens, Harald"]
[Black "Ruether, Rudolf"]
[Result "1/2-1/2"]
[ECO "E05"]
[WhiteElo "2206"]
[BlackElo "2065"]
[Annotator "RC"]
[PlyCount "52"]
[EventDate "2024.08.22"]
[EventType "swiss"]
[EventCountry "GER"]
[SourceTitle "playchess.com"]
[Source "ChessBase"]
[SourceQuality "1"]
[TimeControl "40/5400+30:1800+30"]

1. d4 Nf6 2. Nf3 e6 3. g3 d5 4. Bg2 Be7 5. O-O O-O 6. c4 dxc4 7. Qa4 a6 8. Qxc4 b5 9. Qc2 Bb7 10. Nc3 Nbd7 11. a3 c5 12. dxc5 Bxc5 13. Bg5 h6 14. Bxf6 Nxf6 15. Rad1 Qb6 16. Ne5 Bxg2 17. Kxg2 Rfd8 18. e3 Rac8 19. Rxd8+ Rxd8 20. Rd1 Rxd1 21. Qxd1 Qc7 22. Nf3 Bxa3 23. Nxb5 axb5 24. bxa3 Qc6 25. Qd8+ Kh7 26. Qd3+ g6 1/2-1/2

[Event "36th German Seniors-ch-65 2024"]
[Site "Bad Wildungen"]
[Date "2024.08.28"]
[Round "6.8"]
[White "Okrajek, Alexander"]
[Black "Matthey, Harald"]
[Result "1/2-1/2"]
[ECO "A47"]
[WhiteElo "2172"]
[BlackElo "2062"]
[Annotator "RC"]
[PlyCount "41"]
[EventDate "2024.08.22"]
[EventType "swiss"]
[EventCountry "GER"]
[SourceTitle "playchess.com"]
[Source "ChessBase"]
[SourceQuality "1"]
[TimeControl "40/5400+30:1800+30"]

1. d4 c5 2. e3 Nf6 3. Nf3 g6 4. Nbd2 b6 5. c3 Bb7 6. Bd3 Bg7 7. O-O O-O 8. b4 d6 9. bxc5 dxc5 10. Qe2 Nd5 11. Bb2 cxd4 12. cxd4 Nb4 13. Bc4 N8c6 14. a3 Nd5 15. Rac1 Rc8 16. Ba6 Qd7 17. h3 Rfd8 18. Bxb7 Qxb7 19. Rc2 Nxd4 20. Nxd4 Rxc2 21. N4f3 1/2-1/2

[Event "36th German Seniors-ch-65 2024"]
[Site "Bad Wildungen"]
[Date "2024.08.28"]
[Round "6.9"]
[White "Kaeding, Rainer"]
[Black "Kornrumpf, Joachim"]
[Result "1-0"]
[ECO "B42"]
[WhiteElo "2116"]
[BlackElo "2029"]
[Annotator "RC"]
[PlyCount "65"]
[EventDate "2024.08.22"]
[EventType "swiss"]
[EventCountry "GER"]
[SourceTitle "playchess.com"]
[Source "ChessBase"]
[SourceQuality "1"]
[TimeControl "40/5400+30:1800+30"]

1. e4 c5 2. Nf3 e6 3. d4 cxd4 4. Nxd4 a6 5. Bd3 Nf6 6. O-O Qc7 7. Qe2 d6 8. c4 g6 9. Nc3 Bg7 10. Nf3 O-O 11. h3 Nc6 12. Be3 b6 13. Rac1 Nd7 14. Rfd1 Nde5 15. Nxe5 dxe5 16. Nd5 exd5 17. cxd5 Qb7 18. Rxc6 b5 19. Rdc1 f5 20. Rc7 Qb8 21. f3 Bb7 22. Qc2 f4 23. Bf2 Bf6 24. Qb3 Kh8 25. a4 Bd8 26. R7c2 bxa4 27. Qxa4 Be7 28. Qd7 Bd6 29. Kh2 Rd8 30. Qe6 Re8 31. Qf6+ Kg8 32. Bc5 Bc7 33. d6 1-0

[Event "36th German Seniors-ch-65 2024"]
[Site "Bad Wildungen"]
[Date "2024.08.28"]
[Round "6.10"]
[White "Vasiljev, Jurij"]
[Black "Namyslo, Holger"]
[Result "1/2-1/2"]
[ECO "D21"]
[WhiteElo "1993"]
[BlackElo "2140"]
[Annotator "RC"]
[PlyCount "98"]
[EventDate "2024.08.22"]
[EventType "swiss"]
[EventCountry "GER"]
[SourceTitle "playchess.com"]
[Source "ChessBase"]
[SourceQuality "1"]
[TimeControl "40/5400+30:1800+30"]

1. d4 d5 2. c4 dxc4 3. Nf3 a6 4. g3 b5 5. Bg2 Bb7 6. O-O Nf6 7. a4 Nbd7 8. b3 cxb3 9. axb5 axb5 10. Rxa8 Qxa8 11. Qxb3 Qa4 12. Qxa4 bxa4 13. Nc3 e6 14. Nxa4 Bd6 15. Nc3 Ba6 16. Bd2 O-O 17. Ra1 Bc4 18. e4 e5 19. dxe5 Nxe5 20. Nxe5 Bxe5 21. Rc1 Rd8 22. Be1 Be6 23. h3 h5 24. f4 Bd4+ 25. Kh2 h4 26. g4 Be3 27. Rb1 Bxf4+ 28. Kh1 g5 29. Ne2 Be5 30. Bc3 Bxc3 31. Nxc3 Rd3 32. Rc1 Rd2 33. Nb5 Re2 34. Nd4 Re3 35. Nxe6 fxe6 36. Rxc7 Nxe4 37. Bxe4 Rxe4 38. Rc5 e5 39. Rc7 Rf4 40. Kg2 Rf7 41. Rc5 Re7 42. Kf3 Kf7 43. Ke4 Kf6 44. Rc8 Re6 45. Rf8+ Kg6 46. Rf5 Ra6 47. Rxe5 Ra4+ 48. Kf3 Ra3+ 49. Re3 Ra6 1/2-1/2

[Event "36th German Seniors-ch-65 2024"]
[Site "Bad Wildungen"]
[Date "2024.08.28"]
[Round "6.11"]
[White "Rosen, Bernd"]
[Black "Kuempers, Ulrich"]
[Result "1-0"]
[ECO "A36"]
[WhiteElo "2245"]
[BlackElo "1991"]
[Annotator "RC"]
[PlyCount "55"]
[EventDate "2024.08.22"]
[EventType "swiss"]
[EventCountry "GER"]
[SourceTitle "playchess.com"]
[Source "ChessBase"]
[SourceQuality "1"]
[TimeControl "40/5400+30:1800+30"]

1. c4 c5 2. g3 Nc6 3. Bg2 g6 4. Nc3 Bg7 5. a3 e5 6. b4 d6 7. Rb1 Nge7 8. d3 O-O 9. e3 Rb8 10. b5 Na5 11. Nge2 b6 12. O-O Bb7 13. e4 Bc8 14. Bd2 Be6 15. Nd5 Bxd5 16. cxd5 Rc8 17. Bc3 g5 18. f4 gxf4 19. gxf4 Ng6 20. fxe5 dxe5 21. Kh1 Nb7 22. Ng3 Nd6 23. Nf5 Nxf5 24. Rxf5 Qe7 25. Qg4 Kh8 26. Rbf1 f6 27. Bd2 Rg8 28. Rh5 1-0

[Event "36th German Seniors-ch-65 2024"]
[Site "Bad Wildungen"]
[Date "2024.08.28"]
[Round "6.12"]
[White "Huettemann, Karl-Heinz"]
[Black "Brueggemann, Joachim"]
[Result "0-1"]
[ECO "A25"]
[WhiteElo "2037"]
[BlackElo "2267"]
[Annotator "RC"]
[PlyCount "77"]
[EventDate "2024.08.22"]
[EventType "swiss"]
[EventCountry "GER"]
[SourceTitle "playchess.com"]
[Source "ChessBase"]
[SourceQuality "1"]
[TimeControl "40/5400+30:1800+30"]

1. c4 e5 2. g3 Nc6 3. Bg2 d6 4. Nc3 Be6 5. d3 Qd7 6. Rb1 Nge7 7. Nd5 Nd8 8. e4 c6 9. Nc3 g6 10. Nf3 Bh3 11. O-O Bg7 12. Be3 c5 13. Nd5 Nxd5 14. cxd5 O-O 15. Ng5 Bxg2 16. Kxg2 h6 17. Nh3 f5 18. f3 Rc8 19. Qe2 Nf7 20. Rfc1 g5 21. Nf2 Nh8 22. b4 b6 23. a4 Ng6 24. a5 g4 25. exf5 gxf3+ 26. Qxf3 Rxf5 27. Qe4 Rcf8 28. Nh1 Qf7 29. Kg1 Ne7 30. bxc5 bxc5 31. g4 Rf6 32. Ng3 Nxd5 33. Nh5 Rf3 34. Bd2 Ne7 35. Ng3 d5 36. Qe1 Rxd3 37. Rb7 Qe6 38. g5 e4 39. gxh6 0-1

[Event "36th German Seniors-ch-65 2024"]
[Site "Bad Wildungen"]
[Date "2024.08.28"]
[Round "6.13"]
[White "Gries, Volker"]
[Black "Klundt, Klaus"]
[Result "0-1"]
[ECO "A04"]
[WhiteElo "2012"]
[BlackElo "2264"]
[Annotator "RC"]
[PlyCount "68"]
[EventDate "2024.08.22"]
[EventType "swiss"]
[EventCountry "GER"]
[SourceTitle "playchess.com"]
[Source "ChessBase"]
[SourceQuality "1"]
[TimeControl "40/5400+30:1800+30"]

1. e4 c5 2. Nf3 e6 3. d3 Nc6 4. g3 g6 5. Bg2 Bg7 6. O-O Nge7 7. c3 O-O 8. Be3 b6 9. d4 cxd4 10. Nxd4 Bb7 11. Qd2 d5 12. exd5 Nxd5 13. Nxc6 Bxc6 14. Bh6 Ne7 15. Bxg7 Kxg7 16. Rd1 Bxg2 17. Kxg2 Qc7 18. Qe2 Qc6+ 19. Qf3 Rad8 20. Qxc6 Nxc6 21. Na3 Kf6 22. Nc4 Ke7 23. Kf1 e5 24. a4 Ke6 25. Ke2 f5 26. f3 h5 27. Rxd8 Rxd8 28. Rd1 Rxd1 29. Kxd1 g5 30. Ke2 g4 31. b4 Ne7 32. fxg4 hxg4 33. Kd3 Nd5 34. Nd2 e4+ 0-1

[Event "36th German Seniors-ch-65 2024"]
[Site "Bad Wildungen"]
[Date "2024.08.28"]
[Round "6.14"]
[White "Kierzek, Mira"]
[Black "Nehmert, Ulrich"]
[Result "0-1"]
[ECO "A43"]
[WhiteElo "2007"]
[BlackElo "2255"]
[Annotator "RC"]
[PlyCount "78"]
[EventDate "2024.08.22"]
[EventType "swiss"]
[EventCountry "GER"]
[SourceTitle "playchess.com"]
[Source "ChessBase"]
[SourceQuality "1"]
[TimeControl "40/5400+30:1800+30"]

1. d4 Nf6 2. Nf3 g6 3. Nc3 c5 4. d5 d6 5. e4 Bg4 6. Be2 Bg7 7. O-O O-O 8. h3 Bxf3 9. Bxf3 Na6 10. Be3 Nc7 11. a4 Rb8 12. Qd2 Re8 13. Nb5 a6 14. Nxc7 Qxc7 15. Rab1 b5 16. axb5 axb5 17. c3 Nd7 18. Be2 b4 19. Rfc1 Qb6 20. Ra1 Rec8 21. Bg4 bxc3 22. bxc3 Rd8 23. Bg5 Nf6 24. Bf3 Rb7 25. Qd3 Rdb8 26. Ra3 h6 27. Bf4 Nd7 28. Be2 Qb2 29. Raa1 g5 30. Be3 Rb3 31. Ra7 Ne5 32. Qd2 Ng6 33. Rc2 Qb1+ 34. Kh2 Rb2 35. Rxb2 Be5+ 36. g3 Rxb2 37. Qd3 Qe1 38. Bh5 Bxg3+ 39. Kg2 Nh4+ 0-1

[Event "36th German Seniors-ch-65 2024"]
[Site "Bad Wildungen"]
[Date "2024.08.28"]
[Round "6.15"]
[White "Koehler, Gerhard"]
[Black "Hartlieb, Juergen"]
[Result "1-0"]
[ECO "E72"]
[WhiteElo "2210"]
[BlackElo "2013"]
[Annotator "RC"]
[PlyCount "47"]
[EventDate "2024.08.22"]
[EventType "swiss"]
[EventCountry "GER"]
[SourceTitle "playchess.com"]
[Source "ChessBase"]
[SourceQuality "1"]
[TimeControl "40/5400+30:1800+30"]

1. c4 Nf6 2. Nc3 d6 3. g3 g6 4. Bg2 Bg7 5. d4 O-O 6. e4 Nbd7 7. Nge2 e5 8. d5 a5 9. O-O Nc5 10. Be3 Ne8 11. f4 f5 12. exf5 Bxf5 13. fxe5 Bxe5 14. Nd4 Ng7 15. Qd2 Qd7 16. Nxf5 Nxf5 17. Bf2 Qg7 18. Rad1 Rae8 19. Rfe1 Bf6 20. Rxe8 Rxe8 21. Nb5 b6 22. g4 Ne7 23. Nxc7 g5 24. Nxe8 1-0

[Event "36th German Seniors-ch-65 2024"]
[Site "Bad Wildungen"]
[Date "2024.08.28"]
[Round "6.16"]
[White "Gollasch, Theo-Heinz"]
[Black "Kannenberg, Karl-Heinz"]
[Result "0-1"]
[ECO "D02"]
[WhiteElo "2006"]
[BlackElo "2121"]
[Annotator "RC"]
[PlyCount "86"]
[EventDate "2024.08.22"]
[EventType "swiss"]
[EventCountry "GER"]
[SourceTitle "playchess.com"]
[Source "ChessBase"]
[SourceQuality "1"]
[TimeControl "40/5400+30:1800+30"]

1. Nf3 d5 2. g3 Nd7 3. d4 Nb6 4. Bg2 Bf5 5. b3 e6 6. O-O h6 7. Nbd2 Nf6 8. c4 c6 9. Bb2 Be7 10. Re1 O-O 11. Ne5 Nbd7 12. Nxd7 Qxd7 13. Rc1 Rfd8 14. h3 Bd6 15. Kh2 Qe7 16. e4 dxe4 17. Nxe4 Nxe4 18. Bxe4 Bxe4 19. Rxe4 Ba3 20. Qc2 Rd7 21. Re2 Bxb2 22. Qxb2 Qf6 23. Re4 Rad8 24. Rf4 Qe7 25. Re1 g5 26. Rfe4 Qf6 27. h4 Rxd4 28. hxg5 hxg5 29. Rxd4 Qxd4 30. Qxd4 Rxd4 31. Re5 g4 32. Kg2 Kf8 33. Kf1 Rd2 34. a4 Rd3 35. Re4 Rxb3 36. Rxg4 Rb4 37. a5 Ra4 38. Ke2 Rxa5 39. Kd3 Ra3+ 40. Kd2 Ra4 41. Rh4 b5 42. Rh8+ Kg7 43. Ra8 Rxc4 0-1

[Event "36th German Seniors-ch-65 2024"]
[Site "Bad Wildungen"]
[Date "2024.08.28"]
[Round "6.17"]
[White "Wenner, Tobias"]
[Black "Hanisch, Friedrich"]
[Result "1/2-1/2"]
[ECO "D30"]
[WhiteElo "2067"]
[BlackElo "2012"]
[Annotator "RC"]
[PlyCount "85"]
[EventDate "2024.08.22"]
[EventType "swiss"]
[EventCountry "GER"]
[SourceTitle "playchess.com"]
[Source "ChessBase"]
[SourceQuality "1"]
[TimeControl "40/5400+30:1800+30"]

1. Nf3 Nf6 2. c4 b6 3. g3 e6 4. Bg2 Bb7 5. O-O c5 6. Nc3 Be7 7. b3 O-O 8. Bb2 d5 9. cxd5 exd5 10. d4 Nc6 11. Rc1 Nxd4 12. Nxd4 cxd4 13. Nb5 a6 14. Nxd4 Qd7 15. Qd3 Ne4 16. Rc2 Rac8 17. Rfc1 Rxc2 18. Rxc2 Rc8 19. e3 Rxc2 20. Nxc2 Qd8 21. Ba3 g6 22. Bb2 Bf6 23. Nd4 Qe7 24. a3 h5 25. h4 Be5 26. b4 b5 27. Qc2 Qc7 28. Qxc7 Bxc7 29. Nb3 Bc6 30. Bd4 f5 31. Kf1 Kf7 32. Ke2 Ke7 33. Bf1 Kd8 34. Nc5 Nxc5 35. Bxc5 a5 36. Kd3 axb4 37. axb4 Kd7 38. Kc3 Ke6 39. Bd4 Bd6 40. Be2 Bc7 41. Bg7 Bb6 42. Bf8 Bc7 43. Bg7 1/2-1/2

[Event "36th German Seniors-ch-65 2024"]
[Site "Bad Wildungen"]
[Date "2024.08.28"]
[Round "6.18"]
[White "Schmidt, Gerhard"]
[Black "Boeven, Manfred"]
[Result "1/2-1/2"]
[ECO "B48"]
[WhiteElo "2088"]
[BlackElo "1998"]
[Annotator "RC"]
[PlyCount "41"]
[EventDate "2024.08.22"]
[EventType "swiss"]
[EventCountry "GER"]
[SourceTitle "playchess.com"]
[Source "ChessBase"]
[SourceQuality "1"]
[TimeControl "40/5400+30:1800+30"]

1. e4 c5 2. Nf3 e6 3. d4 cxd4 4. Nxd4 Nc6 5. Nc3 Qc7 6. Be3 a6 7. Qf3 b5 8. Nxc6 Qxc6 9. Bd3 Nf6 10. e5 Qxf3 11. gxf3 b4 12. exf6 bxc3 13. Bd4 cxb2 14. Rb1 g6 15. Rxb2 Bd6 16. O-O Rb8 17. Rxb8 Bxb8 18. Bc5 d6 19. Be3 Bc7 20. Rb1 Kd7 21. f4 1/2-1/2

[Event "36th German Seniors-ch-65 2024"]
[Site "Bad Wildungen"]
[Date "2024.08.28"]
[Round "6.19"]
[White "Zuehlke, Burkhard"]
[Black "Haubt, Georg"]
[Result "1-0"]
[ECO "D92"]
[WhiteElo "1999"]
[BlackElo "2063"]
[Annotator "RC"]
[PlyCount "111"]
[EventDate "2024.08.22"]
[EventType "swiss"]
[EventCountry "GER"]
[SourceTitle "playchess.com"]
[Source "ChessBase"]
[SourceQuality "1"]
[TimeControl "40/5400+30:1800+30"]

1. d4 Nf6 2. c4 g6 3. Nc3 d5 4. Nf3 Bg7 5. Bf4 O-O 6. Rc1 Nc6 7. h3 h6 8. e3 Be6 9. b3 Rc8 10. Be2 Re8 11. O-O Na5 12. c5 c6 13. Ne5 b5 14. cxb6 axb6 15. Na4 Nd7 16. Nd3 Bf5 17. Nb4 e5 18. dxe5 Nxe5 19. Re1 g5 20. Bg3 Be4 21. f3 Bg6 22. Bf2 Bf8 23. a3 Nd7 24. Ba6 Ra8 25. Bd3 b5 26. Bxg6 fxg6 27. Nb2 Nc5 28. Nxc6 Nxc6 29. b4 Rxa3 30. bxc5 b4 31. Nd3 Qa5 32. Re2 Qb5 33. Nb2 Rd8 34. Rd2 Rc3 35. Ra1 Ne7 36. e4 Qc6 37. Na4 Bg7 38. Nxc3 Bxc3 39. exd5 Nxd5 40. Rb1 Bxd2 41. Qxd2 Rb8 42. Bd4 Kh7 43. Qf2 Nf4 44. Kh2 h5 45. h4 Ne6 46. Be3 Qc7+ 47. Kh1 Rb5 48. hxg5 b3 49. Qe2 Rb4 50. Qe1 Rb5 51. Qe2 Qc6 52. Qc4 b2 53. Qa2 Qd7 54. Rxb2 Rxb2 55. Qxb2 Qd5 56. Qf6 1-0

[Event "36th German Seniors-ch-65 2024"]
[Site "Bad Wildungen"]
[Date "2024.08.28"]
[Round "6.20"]
[White "Schmidt, Joerg"]
[Black "Skorna, Ullrich"]
[Result "1/2-1/2"]
[ECO "D02"]
[WhiteElo "1995"]
[BlackElo "2058"]
[Annotator "RC"]
[PlyCount "74"]
[EventDate "2024.08.22"]
[EventType "swiss"]
[EventCountry "GER"]
[SourceTitle "playchess.com"]
[Source "ChessBase"]
[SourceQuality "1"]
[TimeControl "40/5400+30:1800+30"]

1. Nf3 d5 2. d4 e6 3. g3 Nf6 4. Bg2 Bd6 5. O-O Nbd7 6. b3 e5 7. dxe5 Nxe5 8. Bb2 Qe7 9. Nbd2 c6 10. c4 dxc4 11. Nxe5 Bxe5 12. Bxe5 Qxe5 13. Nxc4 Qe6 14. Qd6 Qxd6 15. Nxd6+ Ke7 16. Rad1 Rd8 17. Nxc8+ Raxc8 18. e4 Nd7 19. Bh3 Rc7 20. f4 c5 21. Rf2 Nb6 22. Rxd8 Kxd8 23. Rd2+ Ke7 24. Kf2 c4 25. bxc4 Rxc4 26. e5 Rc7 27. Bg2 Na4 28. Be4 h6 29. Ke3 b6 30. g4 Nc5 31. Bc2 Rd7 32. Rxd7+ Kxd7 33. h4 Kc6 34. Kd4 Ne6+ 35. Ke4 Nc5+ 36. Kf5 Ne6 37. Ke4 Nc5+ 1/2-1/2

[Event "36th German Seniors-ch-65 2024"]
[Site "Bad Wildungen"]
[Date "2024.08.28"]
[Round "6.21"]
[White "Neumann, Joachim"]
[Black "Ehlert, Horst"]
[Result "1/2-1/2"]
[ECO "B38"]
[WhiteElo "2056"]
[BlackElo "1951"]
[Annotator "RC"]
[PlyCount "66"]
[EventDate "2024.08.22"]
[EventType "swiss"]
[EventCountry "GER"]
[SourceTitle "playchess.com"]
[Source "ChessBase"]
[SourceQuality "1"]
[TimeControl "40/5400+30:1800+30"]

1. Nf3 c5 2. c4 Nc6 3. d4 cxd4 4. Nxd4 g6 5. e4 Bg7 6. Be3 Nf6 7. Nc3 d6 8. Be2 O-O 9. O-O Bd7 10. h3 Nxd4 11. Bxd4 Bc6 12. Qc2 a6 13. Rad1 Nd7 14. Bxg7 Kxg7 15. Bg4 Ne5 16. c5 Nxg4 17. hxg4 Qc8 18. cxd6 exd6 19. f3 Qe6 20. Rd4 Rad8 21. Rfd1 Qe5 22. Qd2 h5 23. gxh5 Qxh5 24. Rxd6 Rde8 25. Qd4+ Kg8 26. Nd5 Bxd5 27. Qxd5 Qh6 28. Qd2 Qh4 29. Qd5 Qg3 30. Qd4 Rc8 31. Qf2 Qe5 32. R6d5 Qf6 33. g3 Rc4 1/2-1/2

[Event "36th German Seniors-ch-65 2024"]
[Site "Bad Wildungen"]
[Date "2024.08.28"]
[Round "6.22"]
[White "Erler, Rainer"]
[Black "Wuest, Michael"]
[Result "1-0"]
[ECO "C92"]
[WhiteElo "2122"]
[BlackElo "1932"]
[Annotator "RC"]
[PlyCount "87"]
[EventDate "2024.08.22"]
[EventType "swiss"]
[EventCountry "GER"]
[SourceTitle "playchess.com"]
[Source "ChessBase"]
[SourceQuality "1"]
[TimeControl "40/5400+30:1800+30"]

1. e4 e5 2. Nf3 Nc6 3. Bb5 a6 4. Ba4 Nf6 5. O-O Be7 6. Re1 b5 7. Bb3 d6 8. c3 O-O 9. h3 Bb7 10. d4 Re8 11. Ng5 Rf8 12. f4 h6 13. Nf3 exd4 14. cxd4 d5 15. e5 Ne4 16. Nc3 Na5 17. Bc2 Bb4 18. Bd2 Bxc3 19. Bxc3 Nc4 20. a4 bxa4 21. Rxa4 Nxc3 22. bxc3 Nb2 23. Qd2 Nxa4 24. Qd3 g6 25. Bxa4 Qe7 26. f5 gxf5 27. Qxf5 Bc8 28. Qf4 Qe6 29. Bc2 f5 30. exf6 Qxf6 31. Qxc7 Bf5 32. Bb3 Rad8 33. Re5 Kh8 34. Bxd5 Rc8 35. Qa5 Bd3 36. Re6 Qf4 37. Qa1 Rb8 38. Re1 Qg3 39. Qc1 Qg6 40. Ne5 Qh7 41. Nxd3 Qxd3 42. Be4 Rf1+ 43. Rxf1 Qxe4 44. Qxh6+ 1-0

[Event "36th German Seniors-ch-65 2024"]
[Site "Bad Wildungen"]
[Date "2024.08.29"]
[Round "7.1"]
[White "Buchal, Stephan"]
[Black "Juhnke, Juergen"]
[Result "1/2-1/2"]
[ECO "A26"]
[WhiteElo "2215"]
[BlackElo "2259"]
[Annotator "RC"]
[PlyCount "33"]
[EventDate "2024.08.22"]
[EventType "swiss"]
[EventCountry "GER"]
[SourceTitle "playchess.com"]
[Source "ChessBase"]
[SourceQuality "1"]
[TimeControl "40/5400+30:1800+30"]

1. Nf3 Nf6 2. c4 g6 3. g3 Bg7 4. Bg2 O-O 5. O-O d6 6. Nc3 Nc6 7. d3 e5 8. Rb1 a5 9. a3 Re8 10. b4 axb4 11. axb4 e4 12. dxe4 Nxe4 13. Nxe4 Rxe4 14. b5 Na5 15. Nd2 Re8 16. Bb2 Bf5 17. e4 1/2-1/2

[Event "36th German Seniors-ch-65 2024"]
[Site "Bad Wildungen"]
[Date "2024.08.29"]
[Round "7.2"]
[White "Podat, Vladimir"]
[Black "Dekan, Hans"]
[Result "1-0"]
[ECO "B31"]
[WhiteElo "2157"]
[BlackElo "2079"]
[Annotator "RC"]
[PlyCount "64"]
[EventDate "2024.08.22"]
[EventType "swiss"]
[EventCountry "GER"]
[SourceTitle "playchess.com"]
[Source "ChessBase"]
[SourceQuality "1"]
[TimeControl "40/5400+30:1800+30"]

1. e4 c5 2. Nf3 Nc6 3. Bb5 g6 4. O-O Bg7 5. Re1 a6 6. Bxc6 dxc6 7. d3 Bg4 8. h3 Bxf3 9. Qxf3 e6 10. a4 b6 11. a5 b5 12. e5 Qd5 13. Qg3 Ne7 14. Nc3 Qd7 15. Bf4 Nf5 16. Qf3 Nd4 17. Qd1 O-O 18. Ne4 Qd5 19. Nc3 Qd7 20. Bg5 h6 21. Bf6 Bxf6 22. exf6 Qd8 23. Ne4 Qd5 24. Qd2 Qh5 25. Re3 Rad8 26. Rae1 Rd5 27. f4 g5 28. Rg3 Kh8 29. fxg5 Rg8 30. gxh6 Rxg3 31. Nxg3 Qxh3 32. Qf4 Rf5 1-0

[Event "36th German Seniors-ch-65 2024"]
[Site "Bad Wildungen"]
[Date "2024.08.29"]
[Round "7.3"]
[White "Schrems, Hermann"]
[Black "Kaeding, Rainer"]
[Result "1/2-1/2"]
[ECO "A46"]
[WhiteElo "2118"]
[BlackElo "2116"]
[Annotator "RC"]
[PlyCount "59"]
[EventDate "2024.08.22"]
[EventType "swiss"]
[EventCountry "GER"]
[SourceTitle "playchess.com"]
[Source "ChessBase"]
[SourceQuality "1"]
[TimeControl "40/5400+30:1800+30"]

1. d4 d5 2. Nf3 e6 3. g3 Nf6 4. Bg2 b5 5. a4 b4 6. c4 bxc3 7. Nxc3 Be7 8. O-O O-O 9. Ne5 a5 10. Qc2 c6 11. Bd2 Qb6 12. e3 Nfd7 13. Nd3 Na6 14. Rfc1 Nb4 15. Nxb4 Bxb4 16. Nb1 Bb7 17. Bxb4 Qxb4 18. Ra3 Qb6 19. Nd2 Rab8 20. Rc3 Qb4 21. Rb3 Qxa4 22. Qd1 c5 23. Ra1 Qc6 24. dxc5 Nxc5 25. Rc3 Qb6 26. Nb3 Rfc8 27. Qd4 e5 28. Qd1 Nxb3 29. Rxb3 Qd8 30. Rb5 1/2-1/2

[Event "36th German Seniors-ch-65 2024"]
[Site "Bad Wildungen"]
[Date "2024.08.29"]
[Round "7.4"]
[White "Klundt, Klaus"]
[Black "Rosen, Willy"]
[Result "1-0"]
[ECO "B33"]
[WhiteElo "2264"]
[BlackElo "2091"]
[Annotator "RC"]
[PlyCount "63"]
[EventDate "2024.08.22"]
[EventType "swiss"]
[EventCountry "GER"]
[SourceTitle "playchess.com"]
[Source "ChessBase"]
[SourceQuality "1"]
[TimeControl "40/5400+30:1800+30"]

1. e4 c5 2. Nf3 Nc6 3. d4 cxd4 4. Nxd4 Qb6 5. Nb3 Nf6 6. Nc3 e6 7. Qe2 Bb4 8. Bd2 d6 9. O-O-O e5 10. a3 Bxc3 11. Bxc3 Be6 12. f3 Bxb3 13. cxb3 Qxb3 14. Rxd6 O-O 15. Qc4 Qb6 16. Qb5 Qc7 17. Rd1 a6 18. Qc5 Rac8 19. Kb1 b6 20. Qf2 b5 21. Be2 Qb7 22. Rd6 a5 23. Rxf6 gxf6 24. Qg3+ Kh8 25. Qh4 Qe7 26. Bxb5 Nd4 27. Bxd4 exd4 28. Rd1 Rfd8 29. Bd3 Rg8 30. e5 Rg6 31. Bxg6 fxg6 32. exf6 1-0

[Event "36th German Seniors-ch-65 2024"]
[Site "Bad Wildungen"]
[Date "2024.08.29"]
[Round "7.5"]
[White "Brueggemann, Joachim"]
[Black "Zimmermann, Rolf"]
[Result "1/2-1/2"]
[ECO "B01"]
[WhiteElo "2267"]
[BlackElo "2107"]
[Annotator "RC"]
[PlyCount "92"]
[EventDate "2024.08.22"]
[EventType "swiss"]
[EventCountry "GER"]
[SourceTitle "playchess.com"]
[Source "ChessBase"]
[SourceQuality "1"]
[TimeControl "40/5400+30:1800+30"]

1. e4 d5 2. exd5 Nf6 3. d4 Nxd5 4. c4 Nf6 5. Nc3 e6 6. Nf3 Be7 7. Be2 O-O 8. O-O c6 9. Bf4 b6 10. Ne5 Bb7 11. Bf3 Qc8 12. Qe2 Nbd7 13. Rfd1 Re8 14. Rac1 a6 15. Ne4 Nxe4 16. Nxd7 Qxd7 17. Qxe4 Bd6 18. c5 Bxf4 19. Qxf4 b5 20. b4 Rec8 21. h4 a5 22. a3 a4 23. Rc3 Qe7 24. Be4 Qf6 25. Qg3 g6 26. h5 Rd8 27. Rcd3 Rd7 28. hxg6 hxg6 29. f4 Rad8 30. Qe3 Kg7 31. Kf2 Rh8 32. Ke2 Rh2 33. Kd2 Qh4 34. Kc3 Qh6 35. Bf3 Rh1 36. Qe5+ Kf8 37. Qf6 Rh4 38. g3 Rh2 39. R3d2 Rxd2 40. Rxd2 Qh3 41. Qe5 Qxg3 42. Qe3 Ke7 43. Rg2 Qh4 44. Rg5 Qh2 45. Rg2 Qh3 46. Rg1 Qh2 1/2-1/2

[Event "36th German Seniors-ch-65 2024"]
[Site "Bad Wildungen"]
[Date "2024.08.29"]
[Round "7.6"]
[White "Nehmert, Ulrich"]
[Black "Lutz, Albert"]
[Result "1/2-1/2"]
[ECO "D91"]
[WhiteElo "2255"]
[BlackElo "2070"]
[Annotator "RC"]
[PlyCount "29"]
[EventDate "2024.08.22"]
[EventType "swiss"]
[EventCountry "GER"]
[SourceTitle "playchess.com"]
[Source "ChessBase"]
[SourceQuality "1"]
[TimeControl "40/5400+30:1800+30"]

1. d4 Nf6 2. c4 c6 3. Nc3 d5 4. Nf3 g6 5. Bg5 Bg7 6. cxd5 Nxd5 7. e4 Nxc3 8. bxc3 O-O 9. Bc4 c5 10. O-O cxd4 11. cxd4 Nc6 12. Rb1 Nxd4 13. Nxd4 Qxd4 14. Bd5 e6 15. Bxb7 1/2-1/2